 Dungeon Crawl Stone Soup version 0.27.0-1-g7a089689b8 (webtiles) character file.

Game seed: 13994350733855789778

221822 Brandom the Markshuman (level 20, -20/194 HPs)
             Began as a Human Arcane Marksman on July 31, 2021.
             Was the Champion of the Shining One.
             Shot with an arrow by a deep elf master archer (26 damage)
             ... on level 3 of the Elven Halls.
             The game lasted 02:44:32 (38620 turns).

Brandom the Markshuman (Human Arcane Marksman)     Turns: 38620, Time: 02:44:33

Health: -20/194    AC: 21    Str: 19    XL:     20   Next: 40%
Magic:  0/29       EV: 12    Int: 21    God:    the Shining One [******]
Gold:   3120       SH:  0    Dex:  9    Spells: 10/29 levels left

rFire    + . .     SeeInvis +   z - +8 longbow (flame)
rCold    + + +     Faith    .   (shield currently unavailable)
rNeg     + + +     Spirit   +   C - +0 ice dragon scales
rPois    .         Reflect  .   U - +0 hat "Edasyn" {Will++ Int+3 Dex-5 Slay+3}
rElec    .         Harm     .   B - +2 cloak
rCorr    .         Rampage  .   I - +0 pair of gloves
Will     +++++                  A - +2 pair of boots
Stlth    ..........             e - amulet "Leicedis" {Spirit Will++}
HPRegen  0.42/turn              F - ring of Cics {rF+ rC+ Str+4}
MPRegen  0.21/turn              j - ring "Emokk" {rF+ rC+ rN+ Slay+4 SInv}

@: glowing, studying Axes
A: robust 2, shaggy fur 1
a: Renounce Religion, Divine Shield, Cleansing Flame, Summon Divine Warrior,
Brand Weapon With Holy Wrath


You were on level 3 of the Elven Halls.
You worshipped the Shining One.
The Shining One was exalted by your worship.
You visited 4 branches of the dungeon, and saw 26 of its levels.
You also visited: Gauntlet and Ice Cave.

You collected 4383 gold pieces.
You spent 1263 gold pieces at shops.

Inventory:

Hand Weapons
 s - a +2 spear of venom
   (You found it on level 3 of the Dungeon)
 z - a +8 longbow of flaming (weapon)
   (You acquired it on level 4 of the Lair of Beasts)
Missiles
 c - 359 arrows (quivered ammo)
 o - 49 poisoned darts
 H - a curare-tipped dart {!f}
Armour
 A - a +2 pair of boots (worn)
   (You bought it in a shop on level 2 of the Orcish Mines)
 B - a +2 cloak (worn)
   (You found it on level 4 of the Dungeon)
 C - +0 ice dragon scales (worn)
   (You found it on level 5 of the Dungeon)
 I - a +0 pair of gloves (worn)
   (You found it on level 7 of the Dungeon)
 U - the +0 hat "Edasyn" (worn) {Will++ Int+3 Dex-5 Slay+3}
   (You acquired it on level 4 of the Lair of Beasts)

   Int:       It affects your intelligence (+3).
   Dex:       It affects your dexterity (-5).
   Slay:      It affects your accuracy & damage with ranged weapons and melee
   (+3).
   Will:      It greatly increases your willpower.
Jewellery
 e - the amulet "Leicedis" (around neck) {Spirit Will++}
   (You took it off a deep elf sorcerer on level 3 of the Elven Halls)

   [amulet of guardian spirit]

   It causes incoming damage to be divided between your reserves of health and
   magic.
   Will:      It greatly increases your willpower.
 j - the ring "Emokk" (right hand) {rF+ rC+ rN+ Slay+4 SInv}
   (You bought it in a shop on level 2 of the Orcish Mines)

   [ring of slaying]

   Slay:      It affects your accuracy & damage with ranged weapons and melee
   (+4).
   rF:        It protects you from fire.
   rC:        It protects you from cold.
   rN:        It protects you from negative energy.
   SInv:      It lets you see invisible.
 F - the ring of Cics (left hand) {rF+ rC+ Str+4}
   (You found it in a Gauntlet)

   [ring of protection from fire]

   Str:       It affects your strength (+4).
   rF:        It protects you from fire.
   rC:        It protects you from cold.
 P - the ring "Naynin" {rPois Will+ rCorr Dex+3}
   (You took it off an orc wizard on level 9 of the Dungeon)

   [ring of poison resistance]

   Dex:       It affects your dexterity (+3).
   rPois:     It protects you from poison.
   rCorr:     It protects you from acid and corrosion.
   Will:      It increases your willpower.
 V - the ring "Jyttugus" {rElec rF+ rCorr Str-5 Slay+3}
   (You took it off a minotaur in a Gauntlet)

   [ring of resist corrosion]

   Str:       It affects your strength (-5).
   Slay:      It affects your accuracy & damage with ranged weapons and melee
   (+3).
   rF:        It protects you from fire.
   rElec:     It insulates you from electricity.
   rCorr:     It protects you from acid and corrosion.
 X - the ring "Beinton" {rPois rCorr SInv}
   (You found it in a Gauntlet)

   [ring of see invisible]

   rPois:     It protects you from poison.
   SInv:      It lets you see invisible.
   rCorr:     It protects you from acid and corrosion.
 Z - the ring "Ustozun" {rElec rF+ Will+ Str+4}
   (You took it off a deep elf zephyrmancer on level 3 of the Elven Halls)

   [ring of protection from fire]

   Str:       It affects your strength (+4).
   rF:        It protects you from fire.
   rElec:     It insulates you from electricity.
   Will:      It increases your willpower.
Wands
 d - a wand of iceblast (24)
   (You found it on level 6 of the Dungeon)
 t - a wand of flame (100)
   (You found it on level 8 of the Dungeon)
 u - a wand of paralysis (23)
   (You found it in an ice cave)
 v - a wand of digging (2)
   (You found it on level 2 of the Lair of Beasts)
 x - a wand of acid (16)
   (You found it on level 10 of the Dungeon)
 R - a wand of polymorph (8)
   (You found it on level 10 of the Dungeon)
 Y - a wand of mindburst (17)
   (You found it on level 4 of the Lair of Beasts)
Scrolls
 a - a scroll of immolation {!r}
 b - a scroll of holy word
 h - 9 scrolls of teleportation {@r4}
 i - 6 scrolls of noise {!r}
 k - 2 scrolls of fog
 m - 3 scrolls of silence
 n - 12 scrolls of enchant armour
 r - 3 scrolls of fear
 w - 6 scrolls of identify {@r1}
 y - a scroll of brand weapon
 G - 2 scrolls of magic mapping
 J - 6 scrolls of blinking
 T - 2 scrolls of summoning
Potions
 f - a potion of magic
 g - 2 potions of berserk rage
 p - 9 potions of curing {@q1}
 D - 2 potions of resistance
 E - 5 potions of might
 K - 3 potions of flight
 L - 5 potions of brilliance
 M - 2 potions of lignification {!q}
 N - 3 potions of haste {@q3}
 O - 3 potions of attraction {!q}
 S - 6 potions of heal wounds {@q2}
 W - 3 potions of ambrosia
Miscellaneous
 l - a tin of tremorstones (2/2)
   (You found it in an ice cave)
 q - a box of beasts
   (You found it on level 4 of the Lair of Beasts)
 Q - a phial of floods
   (You found it on level 10 of the Dungeon)


   Skills:
 + Level 15.2 Fighting
 * Level 19.6 Bows
 - Level 8.0 Armour
 + Level 10.2 Dodging
 - Level 5.0 Spellcasting
 - Level 12.0 Hexes
 - Level 4.0 Translocations
 - Level 4.0 Transmutations
 - Level 4.0 Fire Magic
 - Level 4.0 Earth Magic
 - Level 12.0 Invocations


You had 10 spell levels left.
You knew the following spells:

 Your Spells              Type           Power      Damage    Failure   Level
a - Corona                Hex            58%        N/A       1%          1
b - Slow                  Hex            53%        N/A       1%          2
c - Cause Fear            Hex            26%        N/A       2%          4
d - Portal Projectile     Hex/Tloc       76%        N/A       3%          3
e - Apportation           Tloc           44%        N/A       7%          1
f - Inner Flame           Hex/Fire       38%        N/A       3%          3
g - Passwall              Tmut/Erth      18%        N/A       10%         2
h - Tukima's Dance        Hex            53%        N/A       1%          3

Your spell library contained the following spells:

 Spells                   Type           Power      Damage    Failure   Level
 Confusing Touch          Hex            53%        N/A       1%          3
 Summon Guardian Golem    Hex/Summ       30%        N/A       9%          3
 Foxfire                  Conj/Fire      52%        2x1d6     16%         1
 Gell's Gravitas          Tloc           11%        N/A       21%         3
 Teleport Other           Tloc           22%        N/A       21%         3
 Animate Skeleton         Necr           10%        N/A       34%         1
 Shock                    Conj/Air       20%        1d4       34%         1
 Summon Small Mammal      Summ           20%        N/A       34%         1
 Yara's Violent Unravell  Hex/Tmut       19%        3d9       34%         5
 Invisibility             Hex            26%        N/A       36%         6
 Conjure Flame            Conj/Fire      13%        6-21      41%         3
 Stone Arrow              Conj/Erth      26%        3d8       41%         3
 Call Imp                 Summ           5%         N/A       45%         2
 Corpse Rot               Necr/Air       N/A        N/A       45%         2
 Poisonous Vapours        Pois/Air       10%        N/A       45%         2
 Static Discharge         Conj/Air       5%         N/A       45%         2
 Passage of Golubria      Tloc           N/A        N/A       54%         4
 Silence                  Hex/Air        15%        N/A       63%         5
 Call Canine Familiar     Summ           5%         N/A       71%         3
 Frozen Ramparts          Ice            10%        1d3       71%         3
 Swiftness                Air            5%         N/A       71%         3
 Animate Armour           Summ/Erth      26%        N/A       83%         4
 Ice Form                 Ice/Tmut       13%        N/A       83%         4
 Sticky Flame             Conj/Fire      13%        2d4       83%         4
 Blade Hands              Tmut           11%        N/A       88%         5
 Airstrike                Air            2%         N/A       98%         4
 Dispel Undead            Necr           5%         3d7       98%         4
 Summon Ice Beast         Ice/Summ       5%         N/A       98%         4
 Summon Forest            Summ/Tloc      6%         N/A       99%         5
 Freezing Cloud           Conj/Ice/Air   2%         6-21      100%        5
 Dispersal                Tloc           11%        N/A       100%        6
 Iron Shot                Conj/Erth      6%         9d2       100%        6
 Disjunction              Tloc           11%        N/A       100%        8
 Lehudib's Crystal Spear  Conj/Erth      6%         10d3      100%        8


Dungeon Overview and Level Annotations

Branches:
Dungeon (15/15) Temple (0/1) D:7 Lair (6/6) D:9 Shoals (0/4) Lair:2 Spider (0/4) Lair:2 Slime (0/5) Lair:6 Orc (2/2) D:11 Elf (3/3) Orc:2 Vaults (0/5) D:13 D:14 Depths (0/5) D:15 IceCv (visited) Gauntlet (visited)

Altars:
Ashenzari
Elyvilon
Fedhas
Gozag
Hepliaklqana
Makhleb
Vehumet
Yredelemnul
The Shining One
Beogh

Shops:
D:3 [?!*(   D:14 *   Orc:2 ?[(*   Elf:1 [


Innate Abilities, Weirdness & Mutations

You are very robust. (+20% HP)
You are covered in fur. (AC +1)


Message History

The arrow burns the deep elf blademaster.
The deep elf blademaster hits you but does no damage.
The deep elf blademaster barely misses you.
You shoot an arrow.
The arrow misses the deep elf blademaster.
The deep elf master archer wields a +0 longbow.
The deep elf master archer shoots an arrow.
The arrow hits you!!
* * * LOW HITPOINT WARNING * * *
The deep elf blademaster barely misses you.
The deep elf blademaster hits you but does no damage.
Fire: 362 arrows
Aim: a deep elf blademaster, wielding two +0 rapiers and wearing a +0 leather armour (almost dead, haloed, 59% to hit)
You shoot an arrow.
The arrow hits the deep elf blademaster!!!
The arrow burns the deep elf blademaster.
You kill the deep elf blademaster!
The deep elf master archer shoots an arrow.
The arrow misses you.
Fire: 361 arrows
Aim: a deep elf master archer, wielding a +0 longbow, wearing the +1 plate armour of Pride {rF++} and quivering arrows (haloed, 84% to hit)
You shoot an arrow.
The arrow hits the deep elf master archer but does no damage.
The deep elf master archer shoots an arrow.
The arrow hits you!!
* * * LOW HITPOINT WARNING * * *
Fire: 360 arrows
Aim: a deep elf master archer, wielding a +0 longbow, wearing the +1 plate armour of Pride {rF++} and quivering arrows (haloed, 84% to hit)
You shoot an arrow.
The arrow hits the deep elf master archer but does no damage.
The deep elf master archer shoots an arrow.
The arrow hits you!
* * * LOW HITPOINT WARNING * * *
The deep elf master archer shoots an arrow.
The arrow hits you!
* * * LOW HITPOINT WARNING * * *
Aim: a deep elf master archer, wielding a +0 longbow, wearing the +1 plate armour of Pride {rF++} and quivering arrows (haloed, chance to affect: 1%)
Okay, then.
Okay, then.
The deep elf master archer shoots an arrow.
The arrow hits you but does no damage.
The deep elf master archer shoots an arrow.
The arrow hits you!
* * * LOW HITPOINT WARNING * * *
The deep elf master archer shoots an arrow.
The arrow hits you!!
* * * LOW HITPOINT WARNING * * *
The deep elf master archer shoots an arrow.
The arrow hits you!!
You die...

##### #...### #.....#
#####
#.....############....
#.....'..........'....
#....@#############...
#.......(.# #...
#...#####e## ##..
##### #.(# #.. ##.#
##. #.### #. #.#.# ##
#..# ##(#


You could see a deep elf master archer.

Vanquished Creatures
  Rupert (D:13)
  A deep elf blademaster (Elf:3)
  A deep elf master archer (Elf:3)
  A sphinx (shapeshifter) (D:15)
  6 deep elf sorcerers
  Louise (D:15)
  6 deep elf elementalists (Elf:3)
  4 deep elf demonologists (Elf:3)
  7 deep elf annihilators (Elf:3)
  A minotaur (Gauntlet)
  3 deep elf death magi
  2 ice dragons (D:15)
  A rakshasa (D:14)
  The ghost of Nefuv the Blocker, a journeyman MiBe of Trog (Lair:3)
  13 hydras
  3 catoblepae (Lair:6)
  3 boulder beetles
  Erolcha (D:13)
  3 two-headed ogres
  5 centaur warriors
  3 death knights
  A deep troll shaman (Lair:6)
  An alligator (shapeshifter) (Elf:2)
  5 tengu warriors
  28 dancing weapons
  12 death yaks
  4 orc high priests (Orc:2)
  12 deep elf knights
  Urug (D:14)
  A fire crab (Lair:5)
  18 skeletal warriors
  A phantasmal warrior (D:10)
  9 deep elf archers
  Pikel (D:6)
  8 orc knights
  2 lindwurms
  29 deep elf pyromancers
  29 deep elf zephyrmancers
  A wolf spider zombie (D:13)
  2 cyclopes
  4 orc sorcerers
  4 manticores
  10 oklob plants
  6 ugly things
  A merfolk siren (Lair:2)
  14 elephants
  3 torpor snails
  10 black mambas
  A guardian serpent (D:10)
  A torpor snail (shapeshifter) (D:14)
  2 unseen horrors
  3 gargoyles
  12 komodo dragons
  21 cane toads
  A rime drake (Lair:2)
  2 kobold demonologists
  A komodo dragon (shapeshifter) (D:15)
  6 freezing wraiths
  A tengu conjurer (Gauntlet)
  8 trolls
  A queen bee (Lair:3)
  2 jumping spiders (Lair:2)
  6 meliai (D:15)
  10 slime creatures
  5 hornets
  5 polar bears
  14 blink frogs
  6 dream sheep
  A redback (Lair:2)
  3 water elementals
  2 shadows (D:9)
  2 air elementals
  5 wyverns
  16 humans
  5 wraiths
  52 yaks
  A fire elemental (Elf:3)
  3 steam dragons
  11 basilisks
  A death yak simulacrum (IceCv)
  8 vampire mosquitoes
  5 wargs
  Edmund (D:4)
  14 water moccasins
  28 orc warriors
  An ice beast (D:5)
  A meliai simulacrum (D:14)
  A hornet zombie (D:6)
  4 black bears
  8 ogres
  A necrophage (D:6)
  23 wolves
  2 phantoms
  7 centaurs
  2 lemures (D:6)
  Blork the orc (D:4)
  4 kobold brigands
  2 wyvern zombies
  13 bullfrogs
  3 gnoll sergeants
  3 earth elementals
  2 water moccasin zombies (D:5)
  13 killer bees
  14 wights
  The ghost of p0werm0de the Skirmisher, a weakling GrFi (D:3)
  4 electric eels
  2 howler monkeys
  7 centaur zombies
  4 jellies
  19 orc priests
  A bullfrog skeleton (D:6)
  2 hounds
  3 gnoll shamans
  An iguana (D:4)
  27 orc wizards
  2 scorpion zombies (D:3)
  2 polar bear simulacra (IceCv)
  A killer bee zombie (D:6)
  A hound zombie (D:5)
  2 mummies (D:13)
  2 howler monkey zombies
  22 gnolls
  2 howler monkey skeletons
  7 adders
  A white imp (D:5)
  2 ufetubi (D:6)
  2 dart slugs
  65 orcs
  7 endoplasms
  3 giant cockroaches
  5 goblins
  4 hobgoblins
  4 jackals
  22 kobolds
  3 quokkas
  8 ball pythons
  32 bats
  3 frilled lizards
  7 rats
935 creatures vanquished.

Vanquished Creatures (collateral kills)
  4 death yaks (Lair:6)
  An ugly thing (IceCv)
  An ice statue (IceCv)
  An unseen horror (shapeshifter) (Gauntlet)
  A troll (shapeshifter) (Gauntlet)
  A tarantella (shapeshifter) (Gauntlet)
  5 yaks (Lair:6)
  5 killer bees (Lair:3)
19 creatures vanquished.

Vanquished Creatures (others)
  2 bushes (Lair:6)
  49 fungi
  100 plants
151 creatures vanquished.

Grand Total: 1105 creatures vanquished

Notes
Turn   | Place    | Note
-------+----------+-------------------------------------------
     0 | D:1      | Brandom the Human Arcane Marksman began the quest for the
                  | Orb.
     0 | D:1      | Reached XP level 1. HP: 15/15 MP: 2/2
   294 | D:1      | Reached XP level 2. HP: 21/21 MP: 3/3
   558 | D:1      | Found a faded altar of an unknown god.
   566 | D:1      | Became a worshipper of the Shining One
   566 | D:1      | Reached * piety under the Shining One
   885 | D:2      | Reached XP level 3. HP: 26/26 MP: 4/4
  1143 | D:2      | Reached XP level 4. HP: 33/33 MP: 5/5
  1492 | D:3      | Found a runed translucent gate.
  1492 | D:3      | Found a runed translucent gate.
  1492 | D:3      | Found a runed translucent gate.
  1492 | D:3      | Noticed p0werm0de's ghost (weakling GrFi)
  1494 | D:3      | Found a basalt altar of Yredelemnul.
  1521 | D:3      | Reached skill level 3 in Bows
  1695 | D:3      | Reached XP level 5. HP: 27/38 MP: 6/6
  1831 | D:3      | Found Helaxty's Weapon Boutique.
  1924 | D:3      | Found Repoy's General Store.
  1935 | D:3      | Bought a potion of curing for 30 gold pieces
  1935 | D:3      | Bought a potion of curing for 30 gold pieces
  2016 | D:3      | Found Duovye's Magic Scroll Shop.
  2034 | D:3      | Bought a scroll of teleportation for 33 gold pieces
  2058 | D:3      | Gained mutation: You are occasionally teleported next to
                  | monsters. [potion of mutation]
  2058 | D:3      | Gained mutation: You possess an exceptional clarity of
                  | mind. [potion of mutation]
  2058 | D:3      | Gained mutation: You are robust. (+10% HP) [potion of
                  | mutation]
  2059 | D:3      | Lost mutation: You possess an exceptional clarity of mind.
                  | [potion of mutation]
  2059 | D:3      | Lost mutation: You are robust. (+10% HP) [potion of
                  | mutation]
  2059 | D:3      | Gained mutation: Your natural rate of healing is unusually
                  | fast. [potion of mutation]
  2059 | D:3      | Gained mutation: You tend to lose your temper in combat.
                  | [potion of mutation]
  2059 | D:3      | Gained mutation: You expend magic power (3 MP) to
                  | strengthen your wands. [potion of mutation]
  2069 | D:3      | Found Uciuphag's Antique Armour Emporium.
  2152 | D:3      | Found Korefae's Distillery.
  2436 | D:3      | Learned a level 2 spell: Slow
  2532 | D:3      | Killed p0werm0de's ghost
  2532 | D:3      | Reached ** piety under the Shining One
  2657 | D:4      | Reached XP level 6. HP: 37/46 MP: 7/7
  2757 | D:4      | Reached skill level 4 in Bows
  2912 | D:4      | Noticed Blork the orc
  2930 | D:4      | Killed Blork the orc
  2979 | D:4      | You fall into a shaft and drop 2 floors!
  3010 | D:6      | Reached XP level 7. HP: 52/52 MP: 8/8
  3025 | D:5      | Entered Level 5 of the Dungeon
  3668 | D:4      | Noticed Edmund
  3713 | D:4      | Killed Edmund
  3714 | D:4      | Reached skill level 5 in Bows
  4100 | D:5      | Reached XP level 8. HP: 27/60 MP: 9/9
  4354 | D:5      | Reached skill level 5 in Hexes
  4356 | D:5      | Reached skill level 6 in Bows
  4634 | D:5      | Noticed a yak
  4634 | D:5      | Noticed a yak
  4634 | D:5      | Noticed a yak
  4679 | D:5      | Killed a yak
  4696 | D:5      | Killed a yak
  4697 | D:5      | Reached skill level 1 in Armour
  4697 | D:5      | Reached XP level 9. HP: 66/66 MP: 9/12
  4831 | D:6      | Reached skill level 5 in Dodging
  4917 | D:6      | Reached skill level 7 in Bows
  5166 | D:6      | Reached *** piety under the Shining One
  5354 | D:6      | Reached skill level 5 in Fighting
  5683 | D:6      | Noticed Pikel
  5694 | D:6      | Killed Pikel
  5712 | D:6      | Reached skill level 8 in Bows
  5815 | D:6      | Lost mutation: You tend to lose your temper in combat.
                  | [potion of mutation]
  5815 | D:6      | Lost mutation: You are occasionally teleported next to
                  | monsters. [potion of mutation]
  5815 | D:6      | Gained mutation: You are dopey. (Int -2) [potion of
                  | mutation]
  5815 | D:6      | Gained mutation: You are frail. (-10% HP) [potion of
                  | mutation]
  5815 | D:6      | Gained mutation: You are covered in fur. (AC +1) [potion of
                  | mutation]
  6029 | D:7      | Reached XP level 10. HP: 66/66 MP: 14/14
  6391 | D:7      | Found a hazy altar of Hepliaklqana.
  6654 | D:7      | Found a staircase to the Ecumenical Temple.
  7022 | D:8      | Noticed a cyclops
  7022 | D:8      | Noticed a gargoyle
  7026 | D:8      | Noticed an eight-headed hydra
  7208 | D:8      | Found an opulent altar of Gozag.
  7224 | D:8      | Killed an eight-headed hydra
  7225 | D:8      | Reached skill level 9 in Bows
  7463 | D:9      | Found a staircase to the Lair.
  7494 | D:9      | Reached **** piety under the Shining One
  7561 | D:9      | Noticed a deep elf pyromancer
  7578 | D:9      | Killed a deep elf pyromancer
  7749 | D:9      | Noticed a gargoyle
  7757 | D:9      | Reached skill level 5 in Armour
  7770 | D:9      | Reached XP level 11. HP: 74/74 MP: 9/15
  7774 | D:9      | Reached skill level 10 in Bows
  8046 | D:9      | Identified the ring "Naynin" {rPois Will+ rCorr Dex+3}
  8076 | D:9      | Found a white marble altar of Elyvilon.
  8085 | D:9      | Learned a level 4 spell: Cause Fear
  8370 | D:9      | Reached ***** piety under the Shining One
  8436 | D:9      | Reached skill level 11 in Bows
  8797 | D:8      | Killed a cyclops
  8798 | D:8      | Reached skill level 1 in Invocations
  8849 | D:8      | Found a broken altar of Ashenzari.
  8849 | D:8      | Found a radiant altar of Vehumet.
  9079 | D:10     | Entered Level 10 of the Dungeon
  9302 | D:10     | Noticed a two-headed ogre
  9316 | D:10     | Killed a two-headed ogre
  9524 | D:10     | Reached XP level 12. HP: 83/83 MP: 16/16
  9527 | D:10     | Noticed a two-headed ogre
  9541 | D:10     | Killed a two-headed ogre
  9796 | D:10     | Learned a level 3 spell: Portal Projectile
  9955 | D:10     | Reached skill level 1 in Translocations
 10092 | Lair:1   | Entered Level 1 of the Lair of Beasts
 10166 | Lair:1   | Found a frozen archway.
 10187 | IceCv    | Entered an ice cave
 10225 | IceCv    | Reached skill level 12 in Bows
 10276 | IceCv    | Found a transporter.
 10292 | IceCv    | Found a transporter.
 10304 | IceCv    | Learned a level 1 spell: Apportation
 10366 | Lair:1   | Lost mutation: You are frail. (-10% HP) [potion of
                  | mutation]
 10366 | Lair:1   | Lost mutation: You are covered in fur. (AC +1) [potion of
                  | mutation]
 10366 | Lair:1   | Gained mutation: Your magical capacity is low. (-10% MP)
                  | [potion of mutation]
 10366 | Lair:1   | Gained mutation: You are very dopey. (Int -4) [potion of
                  | mutation]
 12265 | Lair:2   | Reached skill level 5 in Invocations
 12265 | Lair:2   | Reached XP level 13. HP: 101/101 MP: 1/15
 12873 | Lair:2   | Found a hole to the Spider Nest.
 13036 | Lair:2   | Reached skill level 13 in Bows
 13284 | Lair:2   | Reached skill level 10 in Hexes
 13559 | Lair:2   | Found a staircase to the Shoals.
 14433 | Lair:3   | Noticed a six-headed hydra
 14442 | Lair:3   | Killed a six-headed hydra
 14487 | Lair:3   | Found a transporter.
 14488 | Lair:3   | Found a transporter.
 14827 | Lair:2   | Reached skill level 10 in Fighting
 14933 | Lair:3   | Noticed Nefuv's ghost (journeyman MiBe)
 15116 | Lair:3   | Noticed a six-headed hydra
 15644 | Lair:3   | Identified the +5 ring mail of the Skies Above {Str+5}
 15930 | Lair:3   | Killed a six-headed hydra
 16288 | Lair:3   | Killed Nefuv's ghost
 16289 | Lair:3   | Reached skill level 14 in Bows
 16296 | Lair:3   | Reached XP level 14. HP: 62/110 MP: 8/17
 16339 | Lair:3   | Identified the +1 scale mail "Giunuili" {rElec Str+3}
 16428 | Lair:4   | Identified 3 scrolls of acquirement
 16430 | Lair:4   | Acquired the +0 hat "Edasyn" {Will++ Int+3 Dex-5 Slay+3}
 16431 | Lair:4   | Acquired 1038 gold pieces
 16432 | Lair:4   | Acquired a +2 longbow of flaming
 18575 | Lair:5   | Learned a level 3 spell: Inner Flame
 18904 | Lair:5   | Found a blossoming altar of Fedhas.
 19174 | Lair:5   | Reached skill level 1 in Fire Magic
 19822 | Lair:6   | Entered Level 6 of the Lair of Beasts
 19940 | Lair:6   | Found a gate leading to a gauntlet.
 19950 | Gauntlet | Entered a Gauntlet
 19950 | Gauntlet | Found a transporter.
 19950 | Gauntlet | Found a transporter.
 19950 | Gauntlet | Found a transporter.
 20011 | Gauntlet | Found a transporter.
 20011 | Gauntlet | Found a transporter.
 20012 | Gauntlet | Found a transporter.
 20021 | Gauntlet | Found a transporter.
 20025 | Gauntlet | Found a transporter.
 20033 | Gauntlet | Noticed an entropy weaver
 20033 | Gauntlet | a goliath frog changed into an entropy weaver
 20035 | Gauntlet | Found a transporter.
 20035 | Gauntlet | an entropy weaver changed into a boulder beetle
 20036 | Gauntlet | Noticed a spark wasp
 20036 | Gauntlet | a boulder beetle changed into a spark wasp
 20041 | Gauntlet | a spark wasp changed into an alligator
 20050 | Gauntlet | Noticed a ghost moth
 20050 | Gauntlet | an alligator changed into a ghost moth
 20062 | Gauntlet | Noticed a bunyip
 20062 | Gauntlet | a goliath frog changed into a bunyip
 20069 | Gauntlet | Noticed a quicksilver ooze
 20069 | Gauntlet | a bunyip changed into a quicksilver ooze
 20135 | Gauntlet | Found a transporter.
 20139 | Gauntlet | Found a transporter.
 20151 | Gauntlet | Found a transporter.
 20180 | Gauntlet | Noticed a spark wasp
 20180 | Gauntlet | an ettin changed into a spark wasp
 20181 | Gauntlet | Noticed a quicksilver ooze
 20181 | Gauntlet | a spark wasp changed into a quicksilver ooze
 20184 | Gauntlet | a quicksilver ooze changed into a tyrant leech
 20193 | Gauntlet | Noticed a quicksilver ooze
 20193 | Gauntlet | a five-headed hydra changed into a quicksilver ooze
 20198 | Gauntlet | Noticed an entropy weaver
 20198 | Gauntlet | a goliath frog changed into an entropy weaver
 20289 | Gauntlet | Noticed a bunyip
 20374 | Gauntlet | Paralysed by a hornet for 3 turns
 20382 | Gauntlet | Reached XP level 15. HP: 36/119 MP: 8/19
 20533 | Gauntlet | Identified the ring of Cics {rF+ rC+ Str+4}
 20629 | Gauntlet | Identified the +9 spear "Hydra's Nightmare" {vorpal, +Blink
                  | Str+2 SInv}
 20634 | Gauntlet | Identified the -2 pair of boots of Weirdness {Harm Regen+
                  | Dex+6 Stlth+}
 20747 | Gauntlet | Identified the +6 shortbow "Wimeg" {vorpal, Int+5 Dex+4}
 20747 | Gauntlet | Identified the ring "Jyttugus" {rElec rF+ rCorr Str-5
                  | Slay+3}
 20765 | Gauntlet | Identified the ring "Beinton" {rPois rCorr SInv}
 20771 | Gauntlet | Identified the -1 cloak "Perif" {rPois SInv}
 20781 | Gauntlet | Identified the +0 robe of Huicw {rPois Str+5}
 20783 | Gauntlet | Identified the +1 robe "Egutofa" {rF- Str+7}
 20817 | Lair:6   | Found a staircase to the Slime Pits.
 22275 | Lair:6   | Reached skill level 15 in Bows
 22275 | Lair:6   | Reached skill level 10 in Invocations
 24229 | Lair:6   | Found a staircase to the Slime Pits.
 24913 | D:10     | Found the +3 pair of seven-league boots {Rampage+∞}
 25685 | D:11     | Reached XP level 16. HP: 117/128 MP: 21/21
 25799 | D:11     | Lost mutation: You are very dopey. (Int -4) [potion of
                  | mutation]
 25799 | D:11     | Lost mutation: Your natural rate of healing is unusually
                  | fast. [potion of mutation]
 25799 | D:11     | Gained mutation: You are agile. (Dex +2) [potion of
                  | mutation]
 25992 | D:11     | Learned a level 2 spell: Passwall
 26182 | D:11     | Found a staircase to the Orcish Mines.
 26479 | D:3      | Bought a potion of mutation for 104 gold pieces
 26479 | D:3      | Bought a potion of resistance for 130 gold pieces
 26479 | D:3      | Bought 2 potions of curing for 78 gold pieces
 26479 | D:3      | Bought a potion of heal wounds for 65 gold pieces
 26479 | D:3      | Lost mutation: You are dopey. (Int -2) [potion of mutation]
 26479 | D:3      | Lost mutation: Your magical capacity is low. (-10% MP)
                  | [potion of mutation]
 26479 | D:3      | Lost mutation: You are agile. (Dex +2) [potion of mutation]
 26479 | D:3      | Gained mutation: You are frail. (-10% HP) [potion of
                  | mutation]
 26479 | D:3      | Gained mutation: Armour fits poorly on your strangely
                  | shaped body. [potion of mutation]
 26479 | D:3      | Gained mutation: You are covered in fur. (AC +1) [potion of
                  | mutation]
 26751 | Orc:1    | Entered Level 1 of the Orcish Mines
 27500 | Orc:2    | Entered Level 2 of the Orcish Mines
 27737 | Orc:2    | Reached skill level 1 in Earth Magic
 27771 | Orc:2    | Reached skill level 1 in Transmutations
 28243 | Orc:2    | Found a burning altar of Makhleb.
 28381 | Orc:2    | Found a staircase to the Elven Halls.
 28670 | Orc:2    | Found Duesesat's Assorted Antiques.
 28670 | Orc:2    | Found Ruthyrgh's Antique Weapon Emporium.
 28676 | Orc:2    | Found Konetu's Magic Scroll Emporium.
 28676 | Orc:2    | Found Piposche's Armour Shop.
 28685 | Orc:2    | Bought a scroll of blinking for 82 gold pieces
 28685 | Orc:2    | Bought a scroll of enchant armour for 82 gold pieces
 28685 | Orc:2    | Bought a scroll of fear for 38 gold pieces
 28685 | Orc:2    | Bought a scroll of identify for 22 gold pieces
 28685 | Orc:2    | Bought a scroll of identify for 22 gold pieces
 28685 | Orc:2    | Bought a scroll of identify for 22 gold pieces
 28685 | Orc:2    | Bought a scroll of teleportation for 33 gold pieces
 28685 | Orc:2    | Bought a scroll of blinking for 82 gold pieces
 28688 | Orc:2    | Bought a pair of glowing boots for 150 gold pieces
 28688 | Orc:2    | Bought a potion of curing for 60 gold pieces
 28688 | Orc:2    | Bought a sparkling silver ring for 100 gold pieces
 28688 | Orc:2    | Identified the ring "Emokk" {rF+ rC+ rN+ Slay+4 SInv} (You
                  | bought it in a shop on level 2 of the Orcish Mines)
 28688 | Orc:2    | Bought a potion of heal wounds for 100 gold pieces
 29509 | D:12     | Reached ****** piety under the Shining One
 29782 | D:12     | Identified the ring of Sloth {rN+ EV+4}
 30488 | D:13     | Noticed Erolcha
 30492 | D:13     | Killed Erolcha
 30862 | D:13     | Noticed Rupert
 30871 | D:13     | Killed Rupert
 30872 | D:13     | Reached XP level 17. HP: 122/122 MP: 22/25
 31075 | D:13     | Reached skill level 16 in Bows
 31327 | D:14     | Found a gate to the Vaults.
 31327 | D:14     | Noticed Urug
 31673 | D:14     | Killed Urug
 32196 | D:14     | Found Yleica Qyhu's Demolitions Depot.
 32297 | D:14     | Reached skill level 17 in Bows
 32297 | D:14     | Reached XP level 18. HP: 128/128 MP: 19/27
 32566 | D:14     | Identified the +2 hat of Unotig {rElec Regen+ rCorr}
 32955 | D:15     | Entered Level 15 of the Dungeon
 33259 | D:15     | Found a staircase to the Depths.
 33264 | D:15     | Noticed Louise
 33273 | D:15     | Killed Louise
 33891 | Elf:1    | Entered Level 1 of the Elven Halls
 34076 | Elf:1    | Paralysed by an air elemental for 1 turns
 34126 | Elf:1    | Lost mutation: You expend magic power (3 MP) to strengthen
                  | your wands. [potion of mutation]
 34126 | Elf:1    | Lost mutation: You are covered in fur. (AC +1) [potion of
                  | mutation]
 34126 | Elf:1    | Lost mutation: You are frail. (-10% HP) [potion of
                  | mutation]
 34126 | Elf:1    | Gained mutation: You are covered in fur. (AC +1) [potion of
                  | mutation]
 34286 | Elf:1    | Reached XP level 19. HP: 152/152 MP: 14/28
 34336 | Elf:1    | Reached skill level 18 in Bows
 34397 | Elf:1    | Got the Tome of Companions
 34928 | Elf:1    | Found Luv Tagu's Armour Boutique.
 35676 | Elf:2    | Found a runed translucent gate.
 35677 | Elf:2    | Found a runed translucent gate.
 35677 | Elf:2    | Found a runed translucent gate.
 35747 | Elf:2    | Learned a level 3 spell: Tukima's Dance
 36158 | Elf:2    | Lost mutation: Armour fits poorly on your strangely shaped
                  | body. [potion of mutation]
 36158 | Elf:2    | Gained mutation: You are robust. (+10% HP) [potion of
                  | mutation]
 36158 | Elf:2    | Gained mutation: You are very robust. (+20% HP) [potion of
                  | mutation]
 37265 | Elf:3    | Entered Level 3 of the Elven Halls
 37365 | Elf:3    | Reached skill level 19 in Bows
 37416 | Elf:3    | Reached skill level 5 in Spellcasting
 37427 | Elf:3    | Reached XP level 20. HP: 162/193 MP: 7/29
 37673 | Elf:3    | Identified the amulet "Leicedis" {Spirit Will++}
 37721 | Elf:3    | Identified the ring "Ustozun" {rElec rF+ Will+ Str+4}
 37755 | Elf:3    | Identified the +9 chain mail of the Arcane {rC+ Int+6
                  | Slay+3 Stlth-}
 37760 | Elf:3    | Reached skill level 15 in Fighting
 37936 | Elf:3    | Identified the ring "Paagoyset" {rN+ Will+ rCorr}
 38295 | Elf:3    | Reached skill level 10 in Dodging
 38322 | Elf:3    | Identified the +0 leather armour of Insecurity {+Blink MP-9
                  | Dex+6}
 38580 | Elf:3    | Identified the +5 mace "Ywkyodut" {vorpal, rElec rC- rN++
                  | Stlth+}
 38601 | Elf:3    | Identified the +1 plate armour of Pride {rF++}
 38620 | Elf:3    | HP: 6/194 [deep elf master archer/arrow (24)]
 38620 | Elf:3    | Shot with an arrow by a deep elf master archer

Illustrated notes

Levels and vault maps discovered:
D:1:      heliophobic_arrival_enchanted_forest, layout_loops_ring,
          shapermc_ecumenical_altar_acropolis
D:2:      layout_basic
D:3:      layout_loops_ring, nicolae_yredelemnul_ghost_church, serial_shops,
          shop, nicolae_shop_trees, nicolae_shop_stone, shop_scrolls,
          nicolae_shop_crystal
D:4:      layout_loops_ring, minmay_misc_feat_diagonals, uniq_blork_the_orc,
          uniq_edmund
D:5:      layout_basic
D:6:      layout_cave_pods, amcnicky_mini_rare_corridor_liquid, uniq_pikel
D:7:      layout_basic, general_overflow_altar, minmay_temple_entry_poolview
D:8:      layout_basic, mainiacjoe_overflow_paths,
          gammafunk_temple_overflow_wave, kb_rosetta
D:9:      layout_roguey, elyvilon_altar_3, kennysheep_another_room,
          supply_closet_lemuel, kennysheep_kite_vault
D:10:     layout_stronghold, mrwooster_statue_mirror,
          hellmonk_guarded_unrand_seven_league_boots
D:11:     layout_cave_pools, david_orc_4, eino_jars
D:12:     layout_gridville, special_room [special_room_orc], billiards_dpeg
D:13:     layout_long_grid, serial_undead, serial_undead_d, serial_undead_f,
          serial_undead_a, serial_undead_b, uniq_erolcha, uniq_rupert
D:14:     layout_basic, david_vaults_3, serial_park_gazebo
          [serial_park_minivault_5x5_1], nicolae_blasting_shop
D:15:     grunt_enter_depths_hoard, layout_basic, nrook_pool_corridor,
          uniq_louise
Lair:1:   layout_layer_cave, portal_ice_cave_entry_pillars_1,
          grunt_megastairs_4, infiniplex_staircase_pool_2, lemuel_fruit_tree
Lair:2:   layout_roguey, elwin_shoals_entry_rooms, spider_nest_entry_a,
          serial_bayou_shore_a, grunt_megastairs_3
Lair:3:   layout_cave_pods, gammafunk_ghost_hive, infiniplex_staircase_pool,
          lemuel_fruit_fields
Lair:4:   minmay_lair_oklob_tunnel, layout_gridlike, minmay_lair_oklob_chamber
Lair:5:   layout_loops_ring, hangedman_tree_tricks,
          chequers_serial_rivers_micro_e, minmay_shattered_shrine
Lair:6:   grunt_lair_end_beastmaster, layout_regular_city,
          minmay_slime_entry_pillars, gauntlet_entry_generic
Orc:1:    layout_caves, mines_bat_river
Orc:2:    grunt_orc_tribal_feast, layout_caves, bloody_makhleb
Elf:1:    minmay_elf_arrival_plus, layout_gridlike, serial_shops,
          shop_fountains, minmay_elf_demonology,
          nicolae_elf_glass_and_crystal_pillar_1
Elf:2:    nicolae_elf_blades_crystal_corner, layout_onion_city
Elf:3:    grunt_elf_hall_spiral, layout_geoelf_octagon,
          small_chamber_with_monster, minivault_25

Skill      XL: |  1  2  3  4  5  6  7  8  9 10 11 12 13 14 15 16 17 18 19 20 |
---------------+-------------------------------------------------------------+-----
Bows           | 3 4 5 6 8 9 11 12 14 15 17 19 | 19.6
Fighting       | 2 3 4 5 6 8 9 10 11 12 13 14 15 | 15.2
Dodging        | 3 4 5 6 8 9 10 | 10.2
Hexes          | 4 5 6 7 8 9 10 11 12 | 12.0
Spellcasting   | 2 3 5 |  5.0
Armour         | 1 3 5 6 7 8 |  8.0
Invocations    | 2 5 7 9 10 11 12 | 12.0
Translocations | 3 4 |  4.0
Fire Magic     | 2 4 |  4.0
Earth Magic    | 4 |  4.0
Transmutations | 4 |  4.0

Action                   |  1- 3 |  4- 6 |  7- 9 | 10-12 | 13-15 | 16-18 | 19-21 || total
-------------------------+-------+-------+-------+-------+-------+-------+-------++-------
Melee: Spear             |    78 |   112 |   160 |       |   411 |    75 |       ||   836
       Scimitar          |       |     4 |     8 |       |       |       |       ||    12
       Shortbow          |       |       |       |     1 |       |       |       ||     1
 Fire: Shortbow          |    12 |    80 |   162 |   984 |   505 |       |       ||  1743
       Longbow           |       |       |       |       |   438 |   809 |   418 ||  1665
Throw: Dart              |       |       |     1 |     7 |     1 |       |       ||     9
       Throwing net      |       |       |       |     3 |       |       |       ||     3
 Cast: Slow              |       |     7 |    16 |    20 |     5 |       |       ||    48
       Corona            |       |       |     2 |     4 |    34 |       |       ||    40
       Apportation       |       |       |       |     6 |     1 |       |       ||     7
       Portal Projectile |       |       |       |     3 |    74 |    50 |    33 ||   160
       Inner Flame       |       |       |       |       |     1 |     2 |       ||     3
       Cause Fear        |       |       |       |       |     1 |       |       ||     1
Invok: Divine Shield     |       |       |     1 |     4 |     1 |     1 |       ||     7
       Summon Divine War |       |       |       |     1 |     3 |       |       ||     4
Evoke: Wand              |       |       |       |    16 |     7 |       |       ||    23
       Phial of floods   |       |       |       |     1 |       |       |       ||     1
       Box of beasts     |       |       |       |       |     1 |       |       ||     1
  Use: Scroll            |       |     6 |       |     8 |    23 |     8 |     3 ||    48
       Potion            |       |     2 |     1 |     5 |     5 |     4 |     1 ||    18
Armor: Robe              |     4 |       |       |       |       |       |       ||     4
       Ring mail         |    21 |    46 |    33 |       |       |       |       ||   100
       Ice dragon scales |       |       |    62 |   232 |   527 |   243 |    36 ||  1100
Dodge: Dodged            |    33 |    68 |   147 |   253 |   562 |   299 |    39 ||  1401
Block: Other             |       |       |     3 |     9 |     1 |     2 |       ||    15
       Reflection        |       |       |       |       |       |     4 |       ||     4
       Rpst.: Scimitar   |       |       |     2 |       |       |       |       ||     2
